[ PARTIDA AOE2 · #490696242 ]
UnrankedMaya vs Gurjaras
[ ANÁLISIS DE REPETICIÓN · EXTRAÍDO DE LA PARTIDA GRABADA ]
Feudal
12:44
Castillos
16:15
Imperial
34:35
| APM promedio | 60.8 |
| APM pico | 103 |
| eAPM promedio | 36.2 |
| Aldeanos / militares | 203 / 253 |
Foco
⚔️ 50.4% · 🌾 49.6%
Plumed Archer ×160 · Eagle Scout ×81 · Fishing Ship ×8 · Trebuchet (Packed) ×7 · Monk ×3 · Demolition Raft ×2
Feudal
13:36
Castillos
17:10
Imperial
38:52
| APM promedio | 45.5 |
| APM pico | 98 |
| eAPM promedio | 32.4 |
| Aldeanos / militares | 176 / 182 |
Foco
⚔️ 43.0% · 🌾 57.0%
Shrivamsha Rider ×98 · Chakram Thrower ×63 · Mangonel ×7 · Fishing Ship ×7 · Scout Cavalry ×7 · Monk ×3
Feudal
16:01
Castillos
20:43
Imperial
39:57
| APM promedio | 38.8 |
| APM pico | 80 |
| eAPM promedio | 17.9 |
| Aldeanos / militares | 107 / 41 |
Foco
⚔️ 32.6% · 🌾 67.4%
Skirmisher ×34 · Unknown (2550) ×10 · Fishing Ship ×9 · Mangonel ×6 · Unknown (2626) ×2 · Monk ×1
Feudal
14:05
Castillos
19:32
Imperial
38:06
| APM promedio | 37.5 |
| APM pico | 64 |
| eAPM promedio | 21.9 |
| Aldeanos / militares | 138 / 113 |
Foco
⚔️ 36.8% · 🌾 63.2%
Cavalry Archer ×101 · Fishing Ship ×8 · Trebuchet (Packed) ×7 · Monk ×2 · Skirmisher ×2 · Knight ×1
Feudal
12:23
Castillos
23:49
Imperial
34:54
| APM promedio | 25.9 |
| APM pico | 53 |
| eAPM promedio | 18.4 |
| Aldeanos / militares | 192 / 125 |
Foco
⚔️ 35.8% · 🌾 64.2%
Cataphract ×107 · Galley ×14 · Fishing Ship ×8 · Trebuchet (Packed) ×3 · Unknown (2626) ×2 · Monk ×1
Feudal
13:59
Castillos
18:44
Imperial
34:34
| APM promedio | 40.2 |
| APM pico | 103 |
| eAPM promedio | 20.3 |
| Aldeanos / militares | 147 / 98 |
Foco
⚔️ 30.0% · 🌾 70.0%
Archer ×96 · Fishing Ship ×5 · Monk ×1 · Spearman ×1 · Unknown (1966) ×1
Feudal
14:41
Castillos
18:41
Imperial
—
| APM promedio | 44.4 |
| APM pico | 113 |
| eAPM promedio | 23.4 |
| Aldeanos / militares | 123 / 48 |
Foco
⚔️ 35.9% · 🌾 64.1%
Konnik ×26 · Skirmisher ×17 · Fishing Ship ×8 · Mangonel ×3 · Demolition Raft ×2
Feudal
13:40
Castillos
23:22
Imperial
39:46
| APM promedio | 51.7 |
| APM pico | 98 |
| eAPM promedio | 24.2 |
| Aldeanos / militares | 171 / 102 |
Foco
⚔️ 42.7% · 🌾 57.3%
Spearman ×39 · Scorpion ×30 · Battering Ram ×10 · Scout Cavalry ×10 · Fishing Ship ×9 · Woad Raider ×5
Mapa de la partida
Recursos iniciales + cada clic de construcción. Líneas = muros · curvas = relieve. ◆ oro · ⬟ piedra · ● bayas · ✦ reliquia · ◌ hueco del cierre
Tu base· Abierta — flanco sin cerrar
Base de _LY_lyx· Abierta — flanco sin cerrar
Base de 菜就怪隊友· Abierta — flanco sin cerrar
Base de comrade in arms· Abierta — flanco sin cerrar
Base de _LY_Pala· Abierta — flanco sin cerrar
Base de 欺负我有什么好· Abierta — flanco sin cerrar
Base de 76561199114178359· Abierta — flanco sin cerrar
Base de 自有大儒为我辩经· Abierta — flanco sin cerrar
Terreno inicial suavizado · ◌ = hueco del cierre detectado · pasá el cursor para detalles
Inputs por minuto
— TAG_Sitaux - - _LY_lyx
Build order — TAG_Sitaux
Primeras 150 de 696 acciones detectadas
| 0:43 | Construir | Dock |
| 0:49 | Construir | Dock |
| 1:04 | Construir | Town Center |
| 3:00 | Crear | Villager (Male) |
| 3:01 | Crear | Villager (Male) |
| 3:03 | Construir | House |
| 3:07 | Investigar | Loom |
| 3:14 | Crear | Villager (Male) |
| 3:14 | Crear | Villager (Male) |
| 3:19 | Crear | Villager (Male) |
| 3:19 | Crear | Villager (Male) |
| 3:32 | Crear | Villager (Male) |
| 3:32 | Crear | Villager (Male) |
| 4:07 | Crear | Fishing Ship |
| 4:07 | Crear | Fishing Ship |
| 4:36 | Construir | House |
| 5:03 | Crear | Villager (Male) |
| 5:27 | Crear | Fishing Ship |
| 5:27 | Crear | Fishing Ship |
| 5:44 | Crear | Villager (Male) |
| 5:52 | Construir | House |
| 6:14 | Crear | Villager (Male) |
| 6:14 | Crear | Villager (Male) |
| 6:39 | Crear | Villager (Male) |
| 6:41 | Crear | Fishing Ship |
| 7:07 | Crear | Fishing Ship |
| 7:07 | Crear | Fishing Ship |
| 7:11 | Crear | Villager (Male) |
| 7:11 | Crear | Villager (Male) |
| 7:20 | Construir | House |
| 7:36 | Crear | Villager (Male) |
| 7:36 | Crear | Villager (Male) |
| 7:55 | Crear | Fishing Ship |
| 7:57 | Crear | Villager (Male) |
| 8:14 | Crear | Villager (Male) |
| 8:29 | Crear | Villager (Male) |
| 8:44 | Construir | Mill |
| 8:57 | Crear | Villager (Male) |
| 8:57 | Crear | Villager (Male) |
| 8:59 | Construir | House |
| 9:37 | Crear | Villager (Male) |
| 10:08 | Crear | Villager (Male) |
| 10:34 | Investigar | Feudal Age |
| 11:32 | Crear | Villager (Male) |
| 12:44 | Edad | Edad Feudal |
| 12:47 | Construir | Market |
| 12:48 | Construir | Blacksmith |
| 12:55 | Crear | Villager (Male) |
| 13:35 | Investigar | Castle Age |
| 13:35 | Investigar | Castle Age |
| 13:50 | Construir | Lumber Camp |
| 14:20 | Investigar | Double-Bit Axe |
| 14:20 | Investigar | Double-Bit Axe |
| 14:23 | Construir | House |
| 14:24 | Construir | Palisade Wall |
| 14:30 | Construir | Palisade Wall |
| 14:32 | Construir | Palisade Wall |
| 15:01 | Crear | Unit 2626 |
| 15:26 | Crear | Villager (Male) |
| 16:14 | Crear | Villager (Male) |
| 16:15 | Edad | Edad de los Castillos |
| 16:20 | Construir | Town Center |
| 16:30 | Construir | Town Center |
| 16:32 | Crear | Villager (Male) |
| 16:42 | Investigar | Bow Saw |
| 16:42 | Investigar | Bow Saw |
| 17:02 | Crear | Villager (Male) |
| 17:34 | Crear | Villager (Male) |
| 17:34 | Crear | Villager (Male) |
| 17:43 | Crear | Villager (Male) |
| 17:54 | Crear | Villager (Male) |
| 17:56 | Crear | Villager (Male) |
| 17:57 | Crear | Villager (Male) |
| 17:57 | Crear | Villager (Male) |
| 18:14 | Construir | Mill |
| 18:21 | Crear | Villager (Male) |
| 18:21 | Crear | Villager (Male) |
| 18:28 | Construir | Outpost |
| 18:46 | Crear | Villager (Male) |
| 18:46 | Crear | Villager (Male) |
| 18:56 | Crear | Villager (Male) |
| 18:56 | Crear | Villager (Male) |
| 19:00 | Crear | Villager (Male) |
| 19:01 | Crear | Villager (Male) |
| 19:15 | Crear | Villager (Male) |
| 19:15 | Crear | Villager (Male) |
| 19:20 | Crear | Villager (Male) |
| 19:20 | Crear | Villager (Male) |
| 19:23 | Construir | Town Center |
| 19:26 | Crear | Villager (Male) |
| 19:26 | Crear | Villager (Male) |
| 19:41 | Crear | Villager (Male) |
| 19:41 | Crear | Villager (Male) |
| 19:45 | Crear | Villager (Male) |
| 19:45 | Crear | Villager (Male) |
| 19:46 | Crear | Villager (Male) |
| 19:54 | Construir | House |
| 20:02 | Construir | Town Center |
| 20:08 | Crear | Villager (Male) |
| 20:09 | Crear | Villager (Male) |
| 20:11 | Construir | House |
| 20:12 | Construir | House |
| 20:15 | Crear | Villager (Male) |
| 20:38 | Crear | Villager (Male) |
| 20:46 | Crear | Villager (Male) |
| 20:46 | Crear | Villager (Male) |
| 20:55 | Construir | Town Center |
| 21:04 | Crear | Villager (Male) |
| 21:12 | Crear | Villager (Male) |
| 21:13 | Crear | Villager (Male) |
| 21:18 | Crear | Villager (Male) |
| 21:19 | Crear | Villager (Male) |
| 21:24 | Construir | Farm |
| 21:26 | Construir | Farm |
| 21:28 | Construir | Farm |
| 21:30 | Construir | Farm |
| 21:37 | Crear | Villager (Male) |
| 21:40 | Crear | Villager (Male) |
| 21:40 | Crear | Villager (Male) |
| 21:52 | Crear | Villager (Male) |
| 21:52 | Crear | Villager (Male) |
| 21:57 | Crear | Villager (Male) |
| 21:57 | Construir | Farm |
| 21:59 | Construir | Farm |
| 22:01 | Construir | Farm |
| 22:03 | Construir | Farm |
| 22:06 | Construir | Farm |
| 22:07 | Construir | Farm |
| 22:08 | Construir | Farm |
| 22:12 | Crear | Villager (Male) |
| 22:13 | Crear | Villager (Male) |
| 22:15 | Crear | Villager (Male) |
| 22:15 | Crear | Villager (Male) |
| 22:20 | Construir | Mill |
| 22:21 | Crear | Villager (Male) |
| 22:21 | Crear | Villager (Male) |
| 22:25 | Crear | Villager (Male) |
| 22:25 | Crear | Villager (Male) |
| 22:37 | Crear | Villager (Male) |
| 22:37 | Crear | Villager (Male) |
| 22:38 | Construir | Farm |
| 22:42 | Construir | House |
| 22:42 | Construir | House |
| 22:43 | Crear | Villager (Male) |
| 22:43 | Crear | Villager (Male) |
| 22:45 | Crear | Villager (Male) |
| 22:46 | Crear | Villager (Male) |
| 22:51 | Construir | Gate |
| 22:52 | Crear | Villager (Male) |
| 22:54 | Crear | Villager (Male) |
Build order — _LY_lyx
Primeras 150 de 570 acciones detectadas
| 0:58 | Construir | Dock |
| 1:00 | Construir | Town Center |
| 1:33 | Construir | House |
| 2:48 | Crear | Villager (Male) |
| 2:49 | Crear | Villager (Male) |
| 2:49 | Crear | Villager (Male) |
| 2:49 | Crear | Villager (Male) |
| 2:49 | Crear | Villager (Male) |
| 3:46 | Crear | Fishing Ship |
| 4:09 | Construir | House |
| 4:24 | Crear | Villager (Male) |
| 4:58 | Crear | Villager (Male) |
| 4:59 | Crear | Villager (Male) |
| 5:25 | Crear | Villager (Male) |
| 5:25 | Crear | Villager (Male) |
| 5:43 | Crear | Fishing Ship |
| 5:47 | Crear | Villager (Male) |
| 5:48 | Crear | Villager (Male) |
| 6:06 | Construir | House |
| 6:14 | Crear | Villager (Male) |
| 6:14 | Crear | Villager (Male) |
| 6:35 | Crear | Villager (Male) |
| 6:36 | Crear | Villager (Male) |
| 6:49 | Crear | Fishing Ship |
| 7:02 | Crear | Villager (Male) |
| 7:03 | Crear | Villager (Male) |
| 7:26 | Crear | Villager (Male) |
| 7:29 | Construir | House |
| 7:41 | Crear | Fishing Ship |
| 7:57 | Crear | Villager (Male) |
| 7:57 | Crear | Villager (Male) |
| 8:08 | Construir | Mill |
| 8:20 | Crear | Villager (Male) |
| 8:20 | Crear | Villager (Male) |
| 8:30 | Construir | House |
| 8:40 | Crear | Fishing Ship |
| 8:43 | Crear | Villager (Male) |
| 9:02 | Crear | Villager (Male) |
| 9:02 | Crear | Villager (Male) |
| 9:15 | Construir | House |
| 9:19 | Crear | Villager (Male) |
| 9:19 | Crear | Villager (Male) |
| 9:19 | Crear | Villager (Male) |
| 9:24 | Crear | Fishing Ship |
| 9:43 | Construir | House |
| 9:45 | Construir | Palisade Wall |
| 9:47 | Construir | Palisade Wall |
| 9:48 | Construir | Palisade Wall |
| 9:52 | Crear | Villager (Male) |
| 9:55 | Crear | Fishing Ship |
| 10:18 | Crear | Villager (Male) |
| 10:20 | Construir | Mill |
| 10:54 | Crear | Villager (Male) |
| 11:26 | Investigar | Feudal Age |
| 11:27 | Investigar | Feudal Age |
| 11:34 | Construir | Lumber Camp |
| 12:17 | Construir | Barracks |
| 12:44 | Crear | Villager (Male) |
| 13:22 | Construir | Palisade Wall |
| 13:36 | Edad | Edad Feudal |
| 13:38 | Construir | Stable |
| 13:40 | Construir | Blacksmith |
| 13:44 | Investigar | Double-Bit Axe |
| 13:47 | Crear | Villager (Male) |
| 14:26 | Construir | Palisade Gate |
| 14:30 | Investigar | Castle Age |
| 14:37 | Construir | House |
| 14:38 | Crear | Scout Cavalry |
| 15:01 | Crear | Scout Cavalry |
| 15:12 | Investigar | Horse Collar |
| 15:16 | Crear | Scout Cavalry |
| 15:23 | Investigar | Forging |
| 15:24 | Investigar | Forging |
| 15:52 | Crear | Scout Cavalry |
| 16:12 | Investigar | Scale Barding Armor |
| 16:33 | Crear | Scout Cavalry |
| 16:48 | Crear | Scout Cavalry |
| 17:10 | Edad | Edad de los Castillos |
| 17:14 | Investigar | Light Cavalry (upgrade) |
| 17:15 | Crear | Villager (Male) |
| 17:22 | Crear | Camel Scout |
| 17:27 | Investigar | Bow Saw |
| 17:30 | Construir | House |
| 17:33 | Crear | Spearman |
| 17:40 | Investigar | Wheelbarrow |
| 17:45 | Investigar | Heavy Plow |
| 17:55 | Investigar | Light Cavalry (upgrade) |
| 17:57 | Crear | Villager (Male) |
| 18:04 | Construir | Town Center |
| 18:15 | Investigar | Husbandry |
| 18:18 | Construir | House |
| 18:20 | Construir | Palisade Wall |
| 18:35 | Construir | House |
| 18:59 | Construir | Monastery |
| 19:02 | Crear | Scout Cavalry |
| 19:20 | Crear | Villager (Male) |
| 19:33 | Crear | Villager (Male) |
| 19:37 | Crear | Villager (Male) |
| 19:48 | Crear | Monk |
| 20:05 | Crear | Villager (Male) |
| 20:11 | Crear | Villager (Male) |
| 20:15 | Crear | Villager (Male) |
| 20:21 | Construir | Town Center |
| 20:27 | Crear | Villager (Male) |
| 20:40 | Crear | Villager (Male) |
| 20:46 | Investigar | Bloodlines |
| 20:55 | Construir | Farm |
| 20:58 | Construir | Farm |
| 21:00 | Construir | Farm |
| 21:01 | Crear | Villager (Male) |
| 21:03 | Construir | Farm |
| 21:12 | Crear | Villager (Male) |
| 21:16 | Construir | Farm |
| 21:31 | Crear | Villager (Male) |
| 21:36 | Crear | Villager (Male) |
| 21:37 | Construir | Farm |
| 21:40 | Construir | Farm |
| 21:49 | Crear | Villager (Male) |
| 21:51 | Construir | Farm |
| 21:52 | Investigar | Loom |
| 22:03 | Construir | House |
| 22:03 | Construir | House |
| 22:04 | Construir | House |
| 22:08 | Crear | Villager (Male) |
| 22:11 | Crear | Villager (Male) |
| 22:18 | Investigar | Hand Cart |
| 22:28 | Construir | Farm |
| 22:33 | Crear | Villager (Male) |
| 22:37 | Crear | Villager (Male) |
| 22:44 | Construir | Mining Camp |
| 22:54 | Crear | Villager (Male) |
| 23:00 | Crear | Monk |
| 23:16 | Crear | Villager (Male) |
| 23:19 | Crear | Villager (Male) |
| 23:20 | Construir | Farm |
| 23:22 | Construir | Farm |
| 23:23 | Crear | Villager (Male) |
| 23:29 | Crear | Villager (Male) |
| 23:31 | Construir | Farm |
| 23:35 | Construir | Farm |
| 23:39 | Crear | Villager (Male) |
| 23:43 | Construir | Farm |
| 23:50 | Construir | Fish Trap |
| 23:51 | Construir | Fish Trap |
| 23:54 | Crear | Villager (Male) |
| 23:56 | Crear | Villager (Male) |
| 23:58 | Construir | Fish Trap |
| 24:02 | Construir | Fish Trap |
| 24:06 | Crear | Villager (Male) |
| 24:13 | Crear | Villager (Male) |
Build order — 菜就怪隊友
Primeras 150 de 295 acciones detectadas
| 0:49 | Construir | Dock |
| 1:28 | Construir | Town Center |
| 1:39 | Construir | House |
| 3:29 | Crear | Villager (Male) |
| 3:29 | Crear | Villager (Male) |
| 3:29 | Crear | Villager (Male) |
| 3:30 | Crear | Villager (Male) |
| 4:10 | Crear | Villager (Male) |
| 4:11 | Crear | Villager (Male) |
| 4:37 | Crear | Villager (Male) |
| 5:28 | Crear | Villager (Male) |
| 5:40 | Crear | Fishing Ship |
| 5:41 | Crear | Fishing Ship |
| 6:13 | Construir | House |
| 6:21 | Crear | Villager (Male) |
| 6:23 | Crear | Fishing Ship |
| 6:46 | Crear | Villager (Male) |
| 7:17 | Crear | Villager (Male) |
| 7:17 | Crear | Villager (Male) |
| 7:31 | Investigar | Loom |
| 7:31 | Investigar | Loom |
| 7:37 | Crear | Fishing Ship |
| 7:37 | Crear | Fishing Ship |
| 7:57 | Crear | Villager (Male) |
| 8:00 | Crear | Villager (Male) |
| 8:16 | Crear | Fishing Ship |
| 8:16 | Crear | Fishing Ship |
| 8:26 | Construir | House |
| 8:28 | Construir | House |
| 8:51 | Construir | House |
| 8:52 | Crear | Villager (Male) |
| 8:52 | Crear | Villager (Male) |
| 9:01 | Crear | Villager (Male) |
| 9:01 | Crear | Villager (Male) |
| 9:36 | Construir | Settlement |
| 9:51 | Crear | Villager (Male) |
| 9:51 | Crear | Villager (Male) |
| 10:08 | Crear | Villager (Male) |
| 10:31 | Crear | Villager (Male) |
| 11:25 | Crear | Villager (Male) |
| 11:25 | Crear | Villager (Male) |
| 11:42 | Construir | Settlement |
| 11:54 | Crear | Fishing Ship |
| 12:44 | Crear | Fishing Ship |
| 12:57 | Construir | Settlement |
| 13:06 | Crear | Villager (Male) |
| 13:51 | Investigar | Feudal Age |
| 13:51 | Investigar | Feudal Age |
| 14:31 | Construir | Barracks |
| 16:01 | Edad | Edad Feudal |
| 16:03 | Crear | Villager (Male) |
| 16:03 | Crear | Villager (Male) |
| 16:10 | Construir | Market |
| 16:15 | Construir | Blacksmith |
| 16:25 | Crear | Unit 2626 |
| 16:26 | Crear | Unit 2626 |
| 16:33 | Investigar | Double-Bit Axe |
| 16:33 | Investigar | Double-Bit Axe |
| 17:13 | Construir | Settlement |
| 17:23 | Investigar | Forging |
| 17:26 | Construir | House |
| 18:03 | Investigar | Castle Age |
| 18:03 | Investigar | Castle Age |
| 18:06 | Construir | House |
| 18:43 | Investigar | Tech 1402 |
| 18:43 | Investigar | Tech 1402 |
| 19:05 | Construir | Farm |
| 19:06 | Construir | Farm |
| 19:07 | Construir | Farm |
| 19:15 | Construir | Farm |
| 19:17 | Construir | Farm |
| 19:18 | Construir | Farm |
| 19:23 | Construir | House |
| 19:27 | Construir | Palisade Gate |
| 20:26 | Crear | Villager (Male) |
| 20:34 | Construir | House |
| 20:38 | Construir | Palisade Wall |
| 20:43 | Construir | Palisade Gate |
| 20:43 | Edad | Edad de los Castillos |
| 20:50 | Investigar | Horse Collar |
| 20:52 | Crear | Villager (Male) |
| 20:53 | Crear | Villager (Male) |
| 21:37 | Crear | Villager (Male) |
| 21:37 | Crear | Villager (Male) |
| 21:38 | Crear | Villager (Male) |
| 21:38 | Crear | Villager (Male) |
| 21:38 | Crear | Villager (Male) |
| 21:53 | Crear | Villager (Male) |
| 21:53 | Crear | Villager (Male) |
| 21:54 | Crear | Villager (Male) |
| 21:55 | Crear | Villager (Male) |
| 22:00 | Investigar | Tech 1402 |
| 22:00 | Investigar | Tech 1402 |
| 22:07 | Construir | House |
| 22:08 | Construir | House |
| 22:11 | Construir | House |
| 22:16 | Construir | Town Center |
| 22:30 | Construir | Farm |
| 22:46 | Crear | Villager (Male) |
| 22:47 | Crear | Villager (Male) |
| 22:48 | Crear | Villager (Male) |
| 23:33 | Construir | Town Center |
| 24:06 | Construir | Gate |
| 24:15 | Construir | Stone Wall |
| 24:28 | Crear | Villager (Male) |
| 24:28 | Crear | Villager (Male) |
| 24:34 | Construir | Siege Workshop |
| 24:59 | Construir | House |
| 25:33 | Construir | Gate |
| 25:39 | Construir | Farm |
| 25:42 | Crear | Villager (Male) |
| 25:43 | Crear | Villager (Male) |
| 25:43 | Crear | Villager (Male) |
| 25:43 | Crear | Villager (Male) |
| 26:13 | Crear | Mangonel |
| 26:13 | Crear | Mangonel |
| 26:16 | Investigar | Wheelbarrow |
| 26:17 | Investigar | Wheelbarrow |
| 26:17 | Crear | Villager (Male) |
| 26:17 | Crear | Villager (Male) |
| 26:18 | Crear | Villager (Male) |
| 26:18 | Crear | Villager (Male) |
| 26:18 | Crear | Villager (Male) |
| 26:49 | Construir | Gate |
| 26:51 | Crear | Villager (Male) |
| 26:51 | Crear | Villager (Male) |
| 26:52 | Crear | Villager (Male) |
| 26:59 | Construir | Farm |
| 27:19 | Crear | Villager (Male) |
| 27:19 | Crear | Villager (Male) |
| 27:20 | Crear | Villager (Male) |
| 27:20 | Crear | Villager (Male) |
| 27:20 | Crear | Villager (Male) |
| 27:24 | Construir | Farm |
| 27:33 | Crear | Villager (Male) |
| 27:34 | Crear | Villager (Male) |
| 27:58 | Construir | Farm |
| 27:59 | Construir | Farm |
| 28:01 | Construir | Settlement |
| 28:21 | Construir | Farm |
| 28:22 | Construir | Farm |
| 28:27 | Construir | Farm |
| 28:29 | Construir | Farm |
| 28:42 | Crear | Villager (Male) |
| 28:42 | Crear | Villager (Male) |
| 28:43 | Crear | Villager (Male) |
| 28:43 | Crear | Villager (Male) |
| 28:43 | Crear | Villager (Male) |
| 28:49 | Construir | Farm |
| 28:50 | Construir | Farm |
Build order — comrade in arms
Primeras 150 de 423 acciones detectadas
| 0:30 | Construir | Dock |
| 1:36 | Construir | Town Center |
| 3:33 | Crear | Villager (Male) |
| 3:34 | Crear | Villager (Male) |
| 3:39 | Crear | Villager (Male) |
| 3:40 | Crear | Villager (Male) |
| 3:40 | Crear | Villager (Male) |
| 3:43 | Construir | House |
| 5:04 | Crear | Fishing Ship |
| 5:08 | Crear | Villager (Male) |
| 5:15 | Construir | House |
| 6:09 | Crear | Fishing Ship |
| 6:22 | Crear | Villager (Male) |
| 6:23 | Crear | Villager (Male) |
| 6:50 | Crear | Villager (Male) |
| 6:52 | Construir | House |
| 7:09 | Crear | Fishing Ship |
| 7:16 | Crear | Villager (Male) |
| 7:37 | Crear | Villager (Male) |
| 7:41 | Crear | Fishing Ship |
| 7:59 | Construir | House |
| 8:04 | Crear | Villager (Male) |
| 8:14 | Crear | Villager (Male) |
| 8:26 | Crear | Fishing Ship |
| 8:48 | Crear | Villager (Male) |
| 9:00 | Crear | Fishing Ship |
| 9:12 | Crear | Villager (Male) |
| 9:21 | Construir | House |
| 9:24 | Crear | Villager (Male) |
| 9:39 | Crear | Fishing Ship |
| 9:40 | Crear | Villager (Male) |
| 9:53 | Construir | House |
| 10:01 | Crear | Fishing Ship |
| 10:02 | Crear | Villager (Male) |
| 10:44 | Construir | Mill |
| 11:03 | Crear | Villager (Male) |
| 11:19 | Construir | House |
| 11:23 | Crear | Villager (Male) |
| 11:49 | Construir | House |
| 11:55 | Investigar | Feudal Age |
| 11:56 | Investigar | Feudal Age |
| 12:32 | Construir | House |
| 13:04 | Construir | Barracks |
| 13:45 | Crear | Villager (Male) |
| 14:05 | Edad | Edad Feudal |
| 14:09 | Investigar | Double-Bit Axe |
| 14:30 | Construir | Blacksmith |
| 14:32 | Crear | Villager (Male) |
| 14:54 | Construir | Stable |
| 14:57 | Construir | Palisade Wall |
| 15:00 | Investigar | Loom |
| 15:12 | Investigar | Gold Mining |
| 15:21 | Crear | Villager (Male) |
| 15:56 | Construir | Stable |
| 16:13 | Crear | Villager (Male) |
| 16:52 | Investigar | Castle Age |
| 16:52 | Investigar | Castle Age |
| 17:32 | Investigar | Fletching |
| 17:42 | Construir | Mule Cart |
| 17:46 | Crear | Villager (Male) |
| 18:39 | Construir | Mule Cart |
| 19:32 | Edad | Edad de los Castillos |
| 19:40 | Crear | Villager (Male) |
| 19:45 | Investigar | Bow Saw |
| 19:49 | Construir | Town Center |
| 19:57 | Construir | Market |
| 19:58 | Crear | Villager (Male) |
| 20:07 | Crear | Knight |
| 20:18 | Crear | Villager (Male) |
| 20:32 | Crear | Villager (Male) |
| 20:49 | Crear | Villager (Male) |
| 21:05 | Crear | Villager (Male) |
| 21:08 | Construir | Archery Range |
| 21:11 | Construir | Archery Range |
| 21:12 | Crear | Villager (Male) |
| 21:24 | Crear | Villager (Male) |
| 21:40 | Construir | Mill |
| 21:40 | Crear | Villager (Male) |
| 21:51 | Construir | Monastery |
| 21:57 | Construir | Mill |
| 22:02 | Crear | Villager (Male) |
| 22:06 | Crear | Cavalry Archer |
| 22:08 | Crear | Cavalry Archer |
| 22:08 | Crear | Villager (Male) |
| 22:16 | Crear | Villager (Male) |
| 22:37 | Construir | House |
| 22:39 | Crear | Cavalry Archer |
| 22:39 | Crear | Cavalry Archer |
| 22:41 | Crear | Villager (Male) |
| 22:49 | Crear | Cavalry Archer |
| 22:50 | Crear | Cavalry Archer |
| 22:51 | Crear | Villager (Male) |
| 23:07 | Construir | Palisade Wall |
| 23:08 | Construir | Palisade Wall |
| 23:09 | Construir | Palisade Wall |
| 23:13 | Construir | Palisade Wall |
| 23:19 | Crear | Villager (Male) |
| 23:20 | Crear | Monk |
| 23:41 | Crear | Cavalry Archer |
| 23:42 | Crear | Cavalry Archer |
| 23:52 | Construir | House |
| 23:55 | Construir | House |
| 23:56 | Construir | House |
| 24:00 | Investigar | Town Watch |
| 24:05 | Crear | Monk |
| 24:07 | Crear | Villager (Male) |
| 24:09 | Crear | Cavalry Archer |
| 24:10 | Crear | Cavalry Archer |
| 24:16 | Construir | Town Center |
| 24:23 | Construir | House |
| 24:24 | Construir | House |
| 24:24 | Construir | House |
| 24:25 | Crear | Villager (Male) |
| 24:42 | Construir | Farm |
| 24:43 | Construir | Farm |
| 24:47 | Crear | Villager (Male) |
| 24:55 | Construir | Monastery |
| 25:00 | Crear | Cavalry Archer |
| 25:01 | Crear | Cavalry Archer |
| 25:08 | Crear | Villager (Male) |
| 25:15 | Construir | Farm |
| 25:24 | Crear | Cavalry Archer |
| 25:24 | Crear | Cavalry Archer |
| 25:42 | Investigar | Bodkin Arrow |
| 25:56 | Crear | Cavalry Archer |
| 25:56 | Crear | Cavalry Archer |
| 25:57 | Crear | Villager (Male) |
| 26:03 | Crear | Villager (Male) |
| 26:19 | Crear | Villager (Male) |
| 26:21 | Construir | University |
| 26:22 | Crear | Villager (Male) |
| 26:27 | Construir | Mule Cart |
| 26:34 | Crear | Cavalry Archer |
| 26:34 | Crear | Cavalry Archer |
| 26:51 | Investigar | Padded Archer Armor |
| 26:56 | Crear | Villager (Male) |
| 27:05 | Crear | Villager (Male) |
| 27:09 | Construir | Farm |
| 27:10 | Construir | Farm |
| 27:11 | Construir | Farm |
| 27:15 | Crear | Cavalry Archer |
| 27:17 | Crear | Cavalry Archer |
| 27:29 | Crear | Villager (Male) |
| 27:38 | Crear | Cavalry Archer |
| 27:39 | Crear | Cavalry Archer |
| 27:40 | Crear | Villager (Male) |
| 27:44 | Construir | House |
| 27:47 | Investigar | Ballistics |
| 27:54 | Crear | Villager (Male) |
| 28:12 | Crear | Villager (Male) |
Build order — _LY_Pala
Primeras 150 de 408 acciones detectadas
| 0:42 | Construir | Dock |
| 1:00 | Construir | Town Center |
| 1:54 | Construir | House |
| 2:54 | Crear | Villager (Male) |
| 2:54 | Crear | Villager (Male) |
| 2:54 | Crear | Villager (Male) |
| 2:54 | Crear | Villager (Male) |
| 2:55 | Crear | Villager (Male) |
| 3:47 | Crear | Fishing Ship |
| 4:30 | Crear | Villager (Male) |
| 4:30 | Crear | Villager (Male) |
| 4:36 | Construir | House |
| 4:55 | Investigar | Loom |
| 5:12 | Crear | Villager (Male) |
| 5:19 | Crear | Fishing Ship |
| 5:42 | Crear | Villager (Male) |
| 6:05 | Crear | Villager (Male) |
| 6:06 | Construir | House |
| 6:23 | Crear | Fishing Ship |
| 6:23 | Crear | Fishing Ship |
| 6:38 | Crear | Villager (Male) |
| 7:03 | Crear | Villager (Male) |
| 7:03 | Crear | Villager (Male) |
| 7:13 | Crear | Fishing Ship |
| 7:23 | Construir | House |
| 7:26 | Crear | Villager (Male) |
| 7:26 | Crear | Villager (Male) |
| 7:48 | Crear | Villager (Male) |
| 7:55 | Crear | Villager (Male) |
| 8:04 | Crear | Fishing Ship |
| 8:29 | Crear | Villager (Male) |
| 8:59 | Construir | Lumber Camp |
| 9:00 | Crear | Villager (Male) |
| 9:17 | Construir | House |
| 9:31 | Crear | Villager (Male) |
| 10:13 | Investigar | Feudal Age |
| 10:24 | Construir | Mining Camp |
| 11:27 | Construir | Dock |
| 12:02 | Crear | Villager (Male) |
| 12:23 | Edad | Edad Feudal |
| 12:26 | Crear | Unit 2626 |
| 12:27 | Crear | Unit 2626 |
| 12:30 | Investigar | Double-Bit Axe |
| 12:31 | Crear | Villager (Male) |
| 12:44 | Crear | Villager (Male) |
| 12:56 | Construir | Dock |
| 13:01 | Construir | House |
| 13:11 | Crear | Villager (Male) |
| 13:30 | Crear | Galley |
| 13:32 | Crear | Galley |
| 13:32 | Crear | Galley |
| 13:40 | Construir | House |
| 13:44 | Crear | Villager (Male) |
| 13:57 | Crear | Villager (Male) |
| 14:36 | Crear | Galley ×3 |
| 14:47 | Crear | Villager (Male) |
| 14:49 | Construir | House |
| 14:51 | Crear | Villager (Male) |
| 14:51 | Crear | Villager (Male) |
| 14:57 | Construir | Mill |
| 15:22 | Crear | Galley |
| 15:43 | Crear | Villager (Male) |
| 15:45 | Construir | House |
| 15:48 | Crear | Galley |
| 15:58 | Crear | Villager (Male) |
| 16:04 | Construir | House |
| 16:15 | Crear | Villager (Male) |
| 16:22 | Construir | Mill |
| 16:31 | Construir | House |
| 16:40 | Crear | Galley ×2 |
| 16:40 | Crear | Galley ×2 |
| 16:53 | Crear | Villager (Male) |
| 16:54 | Crear | Villager (Male) |
| 16:54 | Crear | Villager (Male) |
| 17:04 | Crear | Galley |
| 17:04 | Crear | Galley |
| 17:16 | Crear | Villager (Male) |
| 17:17 | Crear | Villager (Male) |
| 17:37 | Construir | Blacksmith |
| 17:41 | Crear | Villager (Male) |
| 17:41 | Crear | Villager (Male) |
| 17:42 | Crear | Villager (Male) |
| 18:05 | Construir | Mill |
| 18:23 | Construir | House |
| 18:26 | Crear | Villager (Male) |
| 18:28 | Construir | House |
| 18:30 | Construir | House |
| 18:35 | Construir | Palisade Gate |
| 18:48 | Crear | Villager (Male) |
| 19:08 | Crear | Villager (Male) |
| 19:11 | Construir | Mill |
| 19:28 | Crear | Villager (Male) |
| 19:45 | Construir | Market |
| 19:55 | Crear | Villager (Male) |
| 19:58 | Construir | Lumber Camp |
| 20:39 | Construir | Mill |
| 20:52 | Investigar | Castle Age |
| 21:37 | Construir | House |
| 21:37 | Construir | House |
| 21:42 | Crear | Fishing Ship |
| 21:42 | Crear | Fishing Ship |
| 21:53 | Investigar | Horse Collar |
| 22:47 | Construir | House |
| 22:48 | Construir | House |
| 23:01 | Crear | Villager (Male) |
| 23:01 | Crear | Villager (Male) |
| 23:49 | Edad | Edad de los Castillos |
| 23:51 | Crear | Villager (Male) |
| 24:04 | Construir | Town Center |
| 24:11 | Construir | Town Center |
| 24:13 | Investigar | Bow Saw |
| 24:14 | Investigar | Bow Saw |
| 24:15 | Crear | Villager (Male) |
| 24:21 | Crear | Villager (Male) |
| 24:23 | Construir | Mining Camp |
| 24:42 | Crear | Villager (Male) |
| 24:50 | Construir | House |
| 24:51 | Construir | House |
| 24:52 | Construir | House |
| 24:53 | Crear | Villager (Male) |
| 25:07 | Construir | Town Center |
| 25:14 | Construir | House |
| 25:24 | Construir | House |
| 25:38 | Crear | Villager (Male) |
| 25:38 | Crear | Villager (Male) |
| 25:38 | Crear | Villager (Male) |
| 25:39 | Crear | Villager (Male) |
| 25:42 | Construir | Mill |
| 25:52 | Crear | Villager (Male) |
| 25:54 | Crear | Villager (Male) |
| 25:57 | Crear | Villager (Male) |
| 25:57 | Crear | Villager (Male) |
| 26:07 | Construir | House |
| 26:14 | Crear | Villager (Male) |
| 26:15 | Crear | Villager (Male) |
| 26:21 | Investigar | Heavy Plow |
| 26:22 | Investigar | Stone Mining |
| 26:35 | Crear | Villager (Male) |
| 26:35 | Crear | Villager (Male) |
| 26:39 | Crear | Villager (Male) |
| 26:39 | Crear | Villager (Male) |
| 26:49 | Crear | Villager (Male) |
| 26:49 | Crear | Villager (Male) |
| 26:50 | Crear | Villager (Male) |
| 26:56 | Construir | Farm |
| 26:56 | Construir | Farm |
| 26:58 | Crear | Villager (Male) |
| 27:06 | Crear | Villager (Male) |
| 27:06 | Crear | Villager (Male) |
| 27:06 | Crear | Villager (Male) |
Build order — 欺负我有什么好
Primeras 150 de 368 acciones detectadas
| 0:47 | Construir | Dock |
| 1:04 | Construir | Town Center |
| 1:18 | Construir | House |
| 3:02 | Crear | Villager (Male) |
| 3:02 | Crear | Villager (Male) |
| 3:03 | Crear | Villager (Male) |
| 3:03 | Crear | Villager (Male) |
| 3:03 | Crear | Villager (Male) |
| 4:18 | Crear | Fishing Ship |
| 4:32 | Construir | House |
| 4:34 | Crear | Villager (Male) |
| 5:11 | Investigar | Loom |
| 5:45 | Crear | Fishing Ship |
| 5:49 | Crear | Villager (Male) |
| 6:09 | Crear | Villager (Male) |
| 6:26 | Crear | Fishing Ship |
| 6:35 | Crear | Villager (Male) |
| 6:47 | Construir | House |
| 7:04 | Crear | Villager (Male) |
| 7:36 | Crear | Villager (Male) |
| 7:42 | Crear | Fishing Ship |
| 7:56 | Crear | Villager (Male) |
| 8:09 | Construir | House |
| 8:13 | Crear | Villager (Male) |
| 8:18 | Construir | House |
| 8:41 | Construir | House |
| 8:49 | Crear | Villager (Male) |
| 8:55 | Crear | Villager (Male) |
| 8:55 | Crear | Villager (Male) |
| 8:56 | Crear | Villager (Male) |
| 8:57 | Crear | Fishing Ship |
| 9:40 | Crear | Villager (Male) |
| 9:44 | Construir | Lumber Camp |
| 10:00 | Crear | Villager (Male) |
| 10:16 | Crear | Villager (Male) |
| 10:32 | Crear | Villager (Male) |
| 10:41 | Crear | Villager (Male) |
| 11:14 | Construir | Mill |
| 11:24 | Investigar | Feudal Age |
| 11:32 | Construir | Mining Camp |
| 12:58 | Construir | House |
| 13:30 | Crear | Villager (Male) |
| 13:30 | Crear | Villager (Male) |
| 13:45 | Crear | Villager (Male) |
| 13:59 | Edad | Edad Feudal |
| 14:09 | Construir | Barracks |
| 14:12 | Investigar | Double-Bit Axe |
| 14:23 | Construir | Blacksmith |
| 14:29 | Crear | Villager (Male) |
| 15:08 | Construir | Archery Range |
| 15:13 | Crear | Villager (Male) |
| 16:03 | Investigar | Castle Age |
| 16:08 | Construir | Archery Range |
| 16:11 | Crear | Archer |
| 16:38 | Construir | House |
| 16:41 | Crear | Archer |
| 17:00 | Investigar | Fletching |
| 17:00 | Investigar | Fletching |
| 17:08 | Construir | House |
| 17:14 | Crear | Archer |
| 17:32 | Construir | House |
| 17:34 | Crear | Archer |
| 17:35 | Crear | Archer |
| 17:36 | Crear | Villager (Male) |
| 18:05 | Crear | Archer |
| 18:05 | Crear | Archer |
| 18:07 | Construir | House |
| 18:13 | Construir | Lumber Camp |
| 18:33 | Construir | House |
| 18:40 | Construir | Mill |
| 18:44 | Edad | Edad de los Castillos |
| 18:47 | Investigar | Crossbowman (upgrade) |
| 18:47 | Investigar | Crossbowman (upgrade) |
| 19:17 | Investigar | Bodkin Arrow |
| 19:18 | Investigar | Bodkin Arrow |
| 19:23 | Crear | Villager (Male) |
| 19:23 | Crear | Villager (Male) |
| 20:02 | Crear | Archer |
| 20:02 | Crear | Archer |
| 20:03 | Crear | Villager (Male) |
| 20:05 | Construir | Farm |
| 20:06 | Construir | Farm |
| 20:16 | Construir | Mill |
| 20:18 | Investigar | Horse Collar |
| 20:21 | Construir | Mill |
| 20:24 | Crear | Archer |
| 20:28 | Crear | Archer |
| 20:30 | Crear | Villager (Male) |
| 20:30 | Crear | Villager (Male) |
| 20:31 | Crear | Villager (Male) |
| 20:51 | Construir | House |
| 20:52 | Crear | Villager (Male) |
| 21:11 | Crear | Archer |
| 21:11 | Crear | Archer |
| 21:11 | Crear | Archer |
| 21:42 | Crear | Villager (Male) |
| 21:45 | Construir | House |
| 21:47 | Crear | Archer |
| 21:48 | Crear | Archer |
| 22:02 | Crear | Villager (Male) |
| 22:04 | Construir | Town Center |
| 22:16 | Construir | House |
| 22:17 | Crear | Archer |
| 22:17 | Crear | Archer |
| 22:23 | Investigar | Padded Archer Armor |
| 22:24 | Investigar | Padded Archer Armor |
| 22:42 | Crear | Archer |
| 22:42 | Crear | Archer |
| 22:49 | Construir | House |
| 23:05 | Crear | Spearman |
| 23:17 | Investigar | Pikeman (upgrade) |
| 23:21 | Crear | Villager (Male) |
| 23:21 | Crear | Villager (Male) |
| 23:22 | Crear | Villager (Male) |
| 23:26 | Construir | Mill |
| 23:44 | Crear | Archer |
| 23:44 | Crear | Archer |
| 23:47 | Construir | House |
| 23:57 | Crear | Villager (Male) |
| 23:59 | Crear | Archer |
| 24:00 | Crear | Archer |
| 24:04 | Crear | Villager (Male) |
| 24:04 | Crear | Villager (Male) |
| 24:24 | Crear | Villager (Male) |
| 24:29 | Construir | Town Center |
| 24:44 | Crear | Villager (Male) |
| 24:49 | Investigar | Wheelbarrow |
| 24:53 | Construir | House |
| 24:55 | Crear | Archer |
| 24:55 | Crear | Archer |
| 25:11 | Crear | Villager (Male) |
| 25:28 | Crear | Villager (Male) |
| 25:28 | Crear | Villager (Male) |
| 25:31 | Construir | Mill |
| 25:46 | Crear | Archer |
| 25:47 | Crear | Archer |
| 25:55 | Crear | Villager (Male) |
| 26:10 | Construir | House |
| 26:11 | Crear | Villager (Male) |
| 26:11 | Crear | Villager (Male) |
| 26:15 | Construir | Mining Camp |
| 26:19 | Crear | Archer |
| 26:24 | Crear | Archer |
| 26:24 | Crear | Archer |
| 26:30 | Crear | Villager (Male) |
| 26:31 | Crear | Villager (Male) |
| 26:33 | Construir | Lumber Camp |
| 26:36 | Crear | Villager (Male) |
| 26:47 | Construir | House |
| 26:48 | Crear | Archer |
Build order — 76561199114178359
Primeras 150 de 276 acciones detectadas
| 1:05 | Construir | Town Center |
| 1:12 | Construir | Dock |
| 1:29 | Construir | House |
| 3:09 | Crear | Villager (Male) |
| 3:09 | Crear | Villager (Male) |
| 3:09 | Crear | Villager (Male) |
| 3:10 | Crear | Villager (Male) |
| 3:10 | Crear | Villager (Male) |
| 4:20 | Crear | Fishing Ship |
| 4:45 | Crear | Villager (Male) |
| 4:45 | Crear | Villager (Male) |
| 5:20 | Crear | Villager (Male) |
| 5:21 | Crear | Villager (Male) |
| 5:24 | Investigar | Loom |
| 5:24 | Crear | Villager (Male) |
| 5:30 | Construir | House |
| 5:48 | Construir | House |
| 6:09 | Crear | Villager (Male) |
| 6:09 | Crear | Villager (Male) |
| 6:11 | Crear | Villager (Male) |
| 6:11 | Crear | Villager (Male) |
| 6:48 | Crear | Villager (Male) |
| 6:48 | Crear | Villager (Male) |
| 6:59 | Crear | Fishing Ship |
| 7:15 | Crear | Villager (Male) |
| 7:16 | Crear | Villager (Male) |
| 7:27 | Crear | Fishing Ship |
| 7:39 | Crear | Villager (Male) |
| 7:39 | Crear | Villager (Male) |
| 8:08 | Construir | House |
| 8:15 | Crear | Villager (Male) |
| 8:16 | Crear | Villager (Male) |
| 8:16 | Crear | Villager (Male) |
| 8:20 | Crear | Fishing Ship |
| 8:55 | Construir | House |
| 8:57 | Crear | Villager (Male) |
| 8:57 | Crear | Villager (Male) |
| 9:15 | Crear | Villager (Male) |
| 9:15 | Crear | Villager (Male) |
| 9:21 | Crear | Fishing Ship |
| 9:41 | Crear | Villager (Male) |
| 9:42 | Crear | Villager (Male) |
| 9:48 | Crear | Villager (Male) |
| 9:49 | Crear | Villager (Male) |
| 9:55 | Construir | Lumber Camp |
| 9:58 | Crear | Villager (Male) |
| 10:10 | Crear | Villager (Male) |
| 10:47 | Crear | Villager (Male) |
| 10:50 | Crear | Fishing Ship |
| 11:17 | Construir | House |
| 11:18 | Crear | Villager (Male) |
| 12:01 | Construir | Mill |
| 12:22 | Investigar | Feudal Age |
| 14:09 | Construir | House |
| 14:37 | Construir | Mining Camp |
| 14:41 | Edad | Edad Feudal |
| 14:42 | Crear | Villager (Male) |
| 14:45 | Construir | Blacksmith |
| 14:48 | Construir | Market |
| 14:53 | Crear | Villager (Male) |
| 15:36 | Crear | Villager (Male) |
| 15:53 | Investigar | Castle Age |
| 16:10 | Investigar | Double-Bit Axe |
| 16:12 | Investigar | Horse Collar |
| 16:44 | Construir | Mining Camp |
| 16:50 | Construir | Mining Camp |
| 16:59 | Construir | House |
| 17:00 | Construir | House |
| 17:00 | Construir | House |
| 17:21 | Crear | Villager (Male) |
| 17:43 | Construir | Barracks |
| 17:44 | Crear | Villager (Male) |
| 18:27 | Construir | Palisade Gate |
| 18:29 | Crear | Villager (Male) |
| 18:41 | Edad | Edad de los Castillos |
| 18:47 | Construir | Palisade Wall |
| 18:48 | Construir | Palisade Wall |
| 18:58 | Crear | Villager (Male) |
| 19:08 | Construir | Krepost |
| 19:22 | Construir | Stable |
| 19:40 | Crear | Villager (Male) |
| 19:40 | Crear | Villager (Male) |
| 20:01 | Crear | Villager (Male) |
| 20:02 | Crear | Villager (Male) |
| 20:07 | Crear | Konnik |
| 20:08 | Crear | Konnik |
| 20:08 | Crear | Konnik |
| 20:48 | Crear | Villager (Male) |
| 20:58 | Crear | Villager (Male) |
| 21:05 | Crear | Konnik |
| 21:05 | Crear | Konnik |
| 21:19 | Crear | Konnik |
| 21:46 | Investigar | Scale Barding Armor |
| 21:49 | Crear | Villager (Male) |
| 22:01 | Crear | Konnik |
| 22:02 | Crear | Konnik |
| 22:06 | Crear | Villager (Male) |
| 22:19 | Crear | Konnik |
| 22:26 | Crear | Villager (Male) |
| 22:36 | Crear | Villager (Male) |
| 22:41 | Crear | Konnik |
| 23:20 | Crear | Villager (Male) |
| 23:30 | Crear | Villager (Male) |
| 23:47 | Crear | Villager (Male) |
| 23:47 | Crear | Villager (Male) |
| 23:50 | Crear | Konnik |
| 23:50 | Crear | Konnik |
| 24:04 | Crear | Villager (Male) |
| 24:14 | Construir | Town Center |
| 24:19 | Construir | Farm |
| 24:21 | Construir | Farm |
| 24:23 | Construir | Farm |
| 24:33 | Crear | Konnik |
| 24:33 | Crear | Konnik |
| 24:42 | Crear | Villager (Male) |
| 24:52 | Construir | Farm |
| 24:54 | Construir | Farm |
| 24:57 | Construir | Farm |
| 24:59 | Construir | Farm |
| 25:06 | Crear | Konnik |
| 25:06 | Crear | Konnik |
| 25:11 | Construir | Farm |
| 25:16 | Construir | Farm |
| 25:19 | Construir | Farm |
| 25:21 | Construir | Farm |
| 25:25 | Construir | Farm |
| 25:32 | Construir | Farm |
| 25:38 | Construir | Fish Trap |
| 25:41 | Construir | Fish Trap |
| 25:44 | Construir | Fish Trap |
| 25:47 | Construir | Fish Trap |
| 25:48 | Crear | Villager (Male) |
| 26:05 | Crear | Konnik |
| 26:17 | Crear | Villager (Male) |
| 26:17 | Crear | Villager (Male) |
| 26:45 | Crear | Villager (Male) |
| 26:47 | Crear | Konnik |
| 26:48 | Crear | Konnik |
| 27:11 | Crear | Villager (Male) |
| 27:11 | Crear | Villager (Male) |
| 27:31 | Crear | Villager (Male) |
| 27:35 | Crear | Villager (Male) |
| 27:36 | Crear | Villager (Male) |
| 27:48 | Crear | Villager (Male) |
| 27:48 | Crear | Villager (Male) |
| 28:03 | Crear | Villager (Male) |
| 28:04 | Crear | Villager (Male) |
| 28:06 | Crear | Villager (Male) |
| 28:24 | Construir | Siege Workshop |
| 28:28 | Crear | Villager (Male) |
Build order — 自有大儒为我辩经
Primeras 150 de 409 acciones detectadas
| 0:57 | Construir | Dock |
| 1:35 | Construir | Town Center |
| 3:21 | Construir | House |
| 3:31 | Crear | Villager (Male) |
| 3:32 | Crear | Villager (Male) |
| 3:34 | Crear | Villager (Male) |
| 3:35 | Crear | Villager (Male) |
| 3:35 | Crear | Villager (Male) |
| 4:18 | Crear | Villager (Male) |
| 4:19 | Crear | Villager (Male) |
| 4:29 | Crear | Fishing Ship |
| 4:49 | Construir | House |
| 5:29 | Crear | Fishing Ship |
| 5:30 | Crear | Fishing Ship |
| 5:51 | Crear | Villager (Male) |
| 5:52 | Crear | Villager (Male) |
| 5:58 | Construir | House |
| 6:18 | Construir | House |
| 6:24 | Crear | Fishing Ship |
| 6:25 | Crear | Fishing Ship |
| 6:54 | Crear | Villager (Male) |
| 6:55 | Crear | Villager (Male) |
| 7:03 | Crear | Fishing Ship |
| 7:04 | Crear | Fishing Ship |
| 7:15 | Crear | Villager (Male) |
| 7:16 | Crear | Villager (Male) |
| 7:44 | Crear | Villager (Male) |
| 7:44 | Crear | Villager (Male) |
| 7:46 | Crear | Fishing Ship |
| 8:04 | Crear | Fishing Ship |
| 8:05 | Crear | Villager (Male) |
| 8:06 | Crear | Villager (Male) |
| 8:18 | Crear | Villager (Male) |
| 8:19 | Crear | Villager (Male) |
| 8:40 | Crear | Villager (Male) |
| 8:41 | Crear | Villager (Male) |
| 9:05 | Crear | Villager (Male) |
| 9:06 | Crear | Villager (Male) |
| 9:06 | Crear | Villager (Male) |
| 9:11 | Crear | Villager (Male) |
| 9:12 | Crear | Villager (Male) |
| 9:23 | Construir | Barracks |
| 9:41 | Crear | Villager (Male) |
| 9:41 | Crear | Villager (Male) |
| 9:42 | Construir | House |
| 9:52 | Crear | Villager (Male) |
| 9:52 | Crear | Villager (Male) |
| 10:45 | Investigar | Loom |
| 10:52 | Construir | House |
| 11:09 | Investigar | Feudal Age |
| 11:09 | Investigar | Feudal Age |
| 11:31 | Construir | House |
| 11:38 | Construir | Palisade Gate |
| 11:52 | Construir | Palisade Wall |
| 12:09 | Construir | Palisade Wall |
| 13:29 | Crear | Villager (Male) |
| 13:29 | Crear | Villager (Male) |
| 13:40 | Edad | Edad Feudal |
| 13:44 | Construir | Stable |
| 13:49 | Construir | Stable |
| 13:57 | Crear | Villager (Male) |
| 14:03 | Construir | Mill |
| 14:07 | Crear | Villager (Male) |
| 14:14 | Crear | Unit 2626 |
| 14:17 | Crear | Galley |
| 14:40 | Crear | Scout Cavalry |
| 14:40 | Crear | Scout Cavalry |
| 14:40 | Crear | Scout Cavalry |
| 14:41 | Crear | Scout Cavalry |
| 14:41 | Crear | Scout Cavalry |
| 14:53 | Crear | Villager (Male) |
| 14:54 | Crear | Villager (Male) |
| 15:06 | Construir | House |
| 15:21 | Crear | Galley |
| 15:26 | Crear | Scout Cavalry |
| 15:26 | Crear | Scout Cavalry |
| 15:26 | Crear | Scout Cavalry |
| 15:29 | Crear | Spearman |
| 15:39 | Crear | Scout Cavalry |
| 15:43 | Construir | House |
| 15:46 | Construir | Palisade Wall |
| 16:25 | Crear | Scout Cavalry |
| 16:27 | Crear | Villager (Male) |
| 16:27 | Crear | Villager (Male) |
| 16:27 | Crear | Villager (Male) |
| 16:29 | Construir | Blacksmith |
| 16:40 | Crear | Spearman |
| 16:53 | Crear | Spearman |
| 16:56 | Crear | Unit 2626 |
| 17:01 | Crear | Villager (Male) |
| 17:08 | Crear | Spearman |
| 17:12 | Investigar | Forging |
| 17:12 | Investigar | Forging |
| 17:37 | Crear | Villager (Male) |
| 17:38 | Crear | Villager (Male) |
| 18:00 | Construir | Mining Camp |
| 18:02 | Construir | House |
| 18:04 | Construir | House |
| 18:16 | Crear | Villager (Male) |
| 18:36 | Crear | Villager (Male) |
| 18:50 | Crear | Unit 2626 |
| 19:15 | Crear | Villager (Male) |
| 20:40 | Construir | Market |
| 20:42 | Investigar | Castle Age |
| 20:42 | Investigar | Castle Age |
| 20:50 | Construir | Lumber Camp |
| 20:55 | Construir | House |
| 21:48 | Construir | House |
| 22:13 | Investigar | Scale Mail Armor |
| 22:14 | Investigar | Scale Mail Armor |
| 22:43 | Investigar | Double-Bit Axe |
| 22:43 | Investigar | Double-Bit Axe |
| 22:47 | Investigar | Gold Mining |
| 22:47 | Investigar | Gold Mining |
| 23:00 | Construir | House |
| 23:22 | Edad | Edad de los Castillos |
| 23:23 | Crear | Spearman |
| 23:24 | Crear | Spearman |
| 23:27 | Investigar | Pikeman (upgrade) |
| 23:35 | Crear | Villager (Male) |
| 23:35 | Crear | Villager (Male) |
| 23:45 | Crear | Spearman |
| 23:45 | Crear | Spearman |
| 23:47 | Crear | Villager (Male) |
| 23:54 | Crear | Villager (Male) |
| 24:05 | Construir | Town Center |
| 24:16 | Construir | Siege Workshop |
| 24:32 | Crear | Spearman |
| 24:42 | Crear | Villager (Male) |
| 24:57 | Crear | Villager (Male) |
| 24:57 | Crear | Villager (Male) |
| 25:02 | Crear | Villager (Male) |
| 25:18 | Crear | Spearman |
| 25:27 | Crear | Spearman |
| 25:33 | Crear | Villager (Male) |
| 25:33 | Crear | Villager (Male) |
| 25:38 | Crear | Battering Ram |
| 25:58 | Crear | Scorpion |
| 26:00 | Crear | Villager (Male) |
| 26:01 | Crear | Villager (Male) |
| 26:09 | Construir | House |
| 26:14 | Crear | Villager (Male) |
| 26:15 | Crear | Villager (Male) |
| 26:21 | Crear | Battering Ram |
| 26:36 | Crear | Villager (Male) |
| 26:36 | Crear | Villager (Male) |
| 26:42 | Crear | Villager (Male) |
| 26:50 | Construir | Town Center |
| 26:52 | Crear | Villager (Male) |
| 26:52 | Crear | Villager (Male) |
Cronología de la partida
| 0:30 | comrade in arms · first_building Dock |
| 0:42 | _LY_Pala · first_building Dock |
| 0:43 | TAG_Sitaux · first_building Dock |
| 0:47 | 欺负我有什么好 · first_building Dock |
| 0:49 | 菜就怪隊友 · first_building Dock |
| 0:57 | 自有大儒为我辩经 · first_building Dock |
| 0:58 | _LY_lyx · first_building Dock |
| 1:12 | 76561199114178359 · first_building Dock |
| 9:23 | 自有大儒为我辩经 · first_building Barracks |
| 9:45 | _LY_lyx · wall_segment Palisade Wall x1 |
| 9:47 | _LY_lyx · wall_segment Palisade Wall x8 |
| 9:48 | _LY_lyx · wall_segment Palisade Wall x3 |
| 11:52 | 自有大儒为我辩经 · wall_segment Palisade Wall x8 |
| 12:09 | 自有大儒为我辩经 · wall_segment Palisade Wall x4 |
| 12:17 | _LY_lyx · first_building Barracks |
| 12:23 | _LY_Pala · age_up feudal |
| 12:44 | TAG_Sitaux · age_up feudal |
| 13:04 | comrade in arms · first_building Barracks |
| 13:22 | _LY_lyx · wall_segment Palisade Wall x4 |
| 13:36 | _LY_lyx · age_up feudal |
| 13:38 | _LY_lyx · first_building Stable |
| 13:40 | 自有大儒为我辩经 · age_up feudal |
| 13:44 | 自有大儒为我辩经 · first_building Stable |
| 13:59 | 欺负我有什么好 · age_up feudal |
| 14:05 | comrade in arms · age_up feudal |
| 14:09 | 欺负我有什么好 · first_building Barracks |
| 14:24 | TAG_Sitaux · wall_segment Palisade Wall x4 |
| 14:30 | TAG_Sitaux · wall_segment Palisade Wall x6 |
| 14:31 | 菜就怪隊友 · first_building Barracks |
| 14:32 | TAG_Sitaux · wall_segment Palisade Wall x1 |
| 14:41 | 76561199114178359 · age_up feudal |
| 14:54 | comrade in arms · first_building Stable |
| 14:57 | comrade in arms · wall_segment Palisade Wall x1 |
| 15:08 | 欺负我有什么好 · first_building Archery Range |
| 15:46 | 自有大儒为我辩经 · wall_segment Palisade Wall x1 |
| 15:48 | 76561199114178359 · first_market_sell 100 wood |
| 16:01 | 菜就怪隊友 · age_up feudal |
| 16:15 | TAG_Sitaux · age_up castle |
| 17:10 | _LY_lyx · age_up castle |
| 17:22 | 菜就怪隊友 · first_market_buy 100 food |
| 17:43 | 76561199114178359 · first_building Barracks |
| 18:20 | _LY_lyx · wall_segment Palisade Wall x9 |
| 18:41 | 76561199114178359 · age_up castle |
| 18:44 | 欺负我有什么好 · age_up castle |
| 18:47 | 76561199114178359 · wall_segment Palisade Wall x1 |
| 18:48 | 76561199114178359 · wall_segment Palisade Wall x1 |
| 18:59 | _LY_lyx · first_building Monastery |
| 19:01 | 76561199114178359 · first_market_buy 100 stone |
| 19:08 | 76561199114178359 · first_building Krepost |
| 19:22 | 76561199114178359 · first_building Stable |
| 19:32 | comrade in arms · age_up castle |
| 19:44 | TAG_Sitaux · first_market_buy 100 food |
| 20:38 | 菜就怪隊友 · wall_segment Palisade Wall x1 |
| 20:43 | 菜就怪隊友 · age_up castle |
| 21:08 | comrade in arms · first_building Archery Range |
| 21:44 | comrade in arms · first_market_buy 100 wood |
| 21:51 | comrade in arms · first_building Monastery |
| 23:07 | comrade in arms · wall_segment Palisade Wall x1 |
| 23:08 | comrade in arms · wall_segment Palisade Wall x1 |
| 23:09 | comrade in arms · wall_segment Palisade Wall x1 |
| 23:13 | comrade in arms · wall_segment Palisade Wall x1 |
| 23:22 | 自有大儒为我辩经 · age_up castle |
| 23:49 | _LY_Pala · age_up castle |
| 24:15 | 菜就怪隊友 · wall_segment Stone Wall x1 |
| 24:16 | 自有大儒为我辩经 · first_building Siege Workshop |
| 24:34 | 菜就怪隊友 · first_building Siege Workshop |
| 24:46 | _LY_Pala · first_market_buy 100 stone |
| 24:54 | TAG_Sitaux · first_building Monastery |
| 26:27 | TAG_Sitaux · wall_segment Palisade Wall x1 |
| 26:39 | TAG_Sitaux · wall_segment Stone Wall x1 |
| 26:43 | _LY_lyx · first_building Siege Workshop |
| 26:50 | TAG_Sitaux · wall_segment Palisade Wall x1 |
| 26:55 | _LY_lyx · first_market_buy 100 stone |
| 27:00 | _LY_lyx · first_building Castle |
| 27:26 | TAG_Sitaux · wall_segment Stone Wall x1 |
| 27:34 | _LY_lyx · wall_segment Stone Wall x1 |
| 27:35 | _LY_lyx · wall_segment Stone Wall x1 |
| 27:36 | _LY_lyx · wall_segment Stone Wall x1 |
| 27:45 | comrade in arms · first_market_sell 100 wood |
| 27:56 | TAG_Sitaux · first_market_sell 100 wood |
| 28:05 | TAG_Sitaux · first_building Castle |
| 28:24 | 76561199114178359 · first_building Siege Workshop |
| 29:32 | 自有大儒为我辩经 · first_market_buy 100 food |
| 29:32 | _LY_Pala · first_building Monastery |
| 30:01 | 菜就怪隊友 · first_building Castle |
| 30:18 | _LY_Pala · first_building Castle |
| 30:32 | 76561199114178359 · first_building Archery Range |
| 30:47 | 欺负我有什么好 · first_market_sell 100 food |
| 30:48 | 欺负我有什么好 · first_market_buy 100 wood |
| 30:51 | 欺负我有什么好 · first_building Monastery |
| 32:09 | TAG_Sitaux · first_building Barracks |
| 32:17 | 自有大儒为我辩经 · wall_segment Palisade Wall x3 |
| 32:18 | 菜就怪隊友 · first_building Archery Range |
| 33:00 | TAG_Sitaux · first_building Archery Range |
| 33:06 | 菜就怪隊友 · first_building Monastery |
| 34:34 | 欺负我有什么好 · age_up imperial |
| 34:35 | TAG_Sitaux · age_up imperial |
| 34:54 | _LY_Pala · age_up imperial |
| 35:44 | 自有大儒为我辩经 · first_market_sell 100 wood |
| 35:51 | 欺负我有什么好 · first_building Castle |
| 36:12 | 自有大儒为我辩经 · first_building Castle |
| 36:15 | 自有大儒为我辩经 · wall_segment Stone Wall x2 |
| 36:20 | 自有大儒为我辩经 · wall_segment Stone Wall x4 |
| 37:10 | comrade in arms · first_building Castle |
| 37:38 | 自有大儒为我辩经 · wall_segment Stone Wall x3 |
| 38:06 | comrade in arms · age_up imperial |
| 38:52 | _LY_lyx · age_up imperial |
| 39:46 | 自有大儒为我辩经 · age_up imperial |
| 39:57 | 菜就怪隊友 · age_up imperial |
| 40:49 | _LY_Pala · first_market_sell 500 wood |
| 41:43 | _LY_lyx · first_market_sell 500 stone |
| 44:27 | 菜就怪隊友 · wall_segment Stone Wall x1 |
| 44:38 | TAG_Sitaux · wall_segment Palisade Wall x1 |
| 44:40 | TAG_Sitaux · wall_segment Palisade Wall x1 |
| 44:59 | _LY_lyx · resign |
[ ANÁLISIS IA · 1 CRÉDITO ]
¿Qué pasó realmente en esta partida?
Wolo.gg analiza cada decisión: build order, eco, micro, errores típicos por bracket. Análisis personalizado por WhatsApp o Discord en 30 segundos.
Guía civ
Maya
Perfil
Sitaux (TAG_Sitaux)